 Dungeon Crawl Stone Soup version 0.20.1-1-g8b1a95d (webtiles) character file.

746 Gukra the Chopper (level 7, -13/61 HPs)
             Began as a Red Draconian Berserker on Sept 2, 2017.
             Was a Believer of Trog.
             Mangled by Chizzley's ghost (17 damage)
             ... on level 5 of the Dungeon.
             The game lasted 00:11:03 (3597 turns).

Gukra the Chopper (Red Draconian Berserker)         Turns: 3597, Time: 00:11:03

Health: -13/61     AC:  6    Str: 25    XL:     7   Next: 48%
Magic:  7/7        EV: 13    Int:  7    God:    Trog [**....]
Gold:   28         SH:  6    Dex: 10    Spells: 6/6 levels left

rFire    + . .     SeeInvis .   a - +0 hand axe
rCold    . . .     Gourm    .   p - +2 buckler
rNeg     . . .     Faith    .   (armour unavailable)
rPois    .         Spirit   .   (helmet restricted)
rElec    .         Reflect  .   (no cloak)
rCorr    +         Harm     .   (no gloves)
MR       .....                  (no boots)
Stlth    +.........             (no amulet)
Regen    0.2/turn               t - +3 ring of strength
MPRegen  0.1/turn               v - ring of resist corrosion

@: lethally poisoned (-13 -> -13), berserk cooldown, slowed, very slow
A: breathe fire, unfitting armour, fire resistance 1, cold-blooded, AC +6
a: Breathe Fire, Berserk, Trog's Hand, Burn Spellbooks, Renounce Religion


You were on level 5 of the Dungeon.
You worshipped Trog.
Trog was pleased with you.
You were near starving.

You visited 1 branch of the dungeon, and saw 5 of its levels.

You collected 151 gold pieces.
You spent 123 gold pieces at shops.

Inventory:

Hand Weapons
 a - a +0 hand axe (weapon)
Missiles
 h - 6 javelins of returning (quivered)
Armour
 p - a +2 buckler (worn)
Jewellery
 t - a +3 ring of strength (left hand)
 v - a ring of resist corrosion (right hand)
Wands
 j - a wand of clouds (7/9)
Scrolls
 i - a scroll of teleportation
 k - a scroll of identify
 r - 2 scrolls of immolation
 u - a scroll of enchant armour
Potions
 d - a potion of magic
 e - a potion of resistance
 g - a potion of berserk rage
Comestibles
 b - 3 bread rations
 c - a fruit
 f - a meat ration
 l - 2 royal jellies


   Skills:
 + Level 5.1 Fighting
 + Level 6.0 Axes
 + Level 1.3 Throwing
 + Level 4.1 Dodging
 * Level 3.4 Shields


You had 6 spell levels left.
You didn't know any spells.

Dungeon Overview and Level Annotations

Branches:
Dungeon (5/15)             Temple (0/1) D:5

Altars:
Kikubaaqudgha
Vehumet

Shops:
D:4 *

Annotations:
D:5 Chizzley's ghost, novice TrMo


Innate Abilities, Weirdness & Mutations

You can breathe blasts of fire.
Your fiery red scales are hard. (AC +6)
You cannot fit into any form of body armour.
Your flesh is heat resistant. (rF+)
You are cold-blooded and may be slowed by cold attacks.


Message History

Chizzley's ghost is almost destroyed.
Chizzley's ghost hits you but does no damage.
You miss Chizzley's ghost.
Chizzley's ghost is almost destroyed.
Chizzley's ghost hits you!
* * * LOW HITPOINT WARNING * * *
Chizzley's ghost hits you.
* * * LOW HITPOINT WARNING * * *
Unknown command.
You closely miss Chizzley's ghost.
Chizzley's ghost is almost destroyed.
You have got your breath back.
You feel sick. You block Chizzley's ghost's attack.
The crimson imp blinks!
You hit Chizzley's ghost but do no damage.
Chizzley's ghost is almost destroyed.
Chizzley's ghost barely misses you. Chizzley's ghost closely misses you.
You barely miss Chizzley's ghost.
Chizzley's ghost is almost destroyed.
You feel sick. Chizzley's ghost hits you!
You die...

#. #.#....# .#
######.###.#.#.##..###
............!........
######.#####..##..##
######.# #...#..#
#......# #......#
#.####.# #.#5##.#
#.#####.#W# #
#.......#@# # #
####.####.##.. ..
.######.........#
#.###............###
#.#.....#...######
#..#.#..........#
#.#.###...####.#
#...####.## #.#
#..#.....# #.#


You could see Chizzley's ghost and a crimson imp.

Vanquished Creatures
  A bullfrog (D:4)
  A scorpion (D:5)
  2 howler monkeys (D:4)
  A centaur zombie (D:4)
  2 orc wizards (D:4)
  2 orc priests (D:4)
  3 hounds (D:4)
  A bullfrog skeleton (D:4)
  2 centaur skeletons
  An iguana (D:4)
  2 hound zombies (D:4)
  A howler monkey zombie (D:4)
  4 gnolls (D:3)
  4 adders
  2 shadow imps
  An ooze (D:3)
  3 worms
  A dart slug (D:1)
  3 leopard geckos
  5 orcs (D:4)
  A ball python (D:3)
  7 bats
  2 giant cockroaches (D:3)
  8 goblins
  4 hobgoblins
  2 jackals (D:2)
  A quokka (D:2)
  2 frilled lizards (D:1)
  7 kobolds
  A leopard gecko skeleton (D:4)
  2 quokka skeletons (D:4)
  7 rats
86 creatures vanquished.

Notes
Turn   | Place    | Note
-------+----------+-------------------------------------------
     0 | D:1      | Gukra the Draconian Berserker began the quest for the Orb.
     0 | D:1      | Reached XP level 1. HP: 19/19 MP: 1/1
   292 | D:1      | Reached XP level 2. HP: 27/27 MP: 2/2
  1032 | D:2      | Reached ** piety under Trog
  1032 | D:2      | Reached XP level 3. HP: 33/33 MP: 3/3
  2068 | D:3      | Found an ancient bone altar of Kikubaaqudgha.
  2078 | D:3      | Reached XP level 4. HP: 28/40 MP: 4/4
  2198 | D:3      | Reached skill level 4 in Axes
  2367 | D:4      | Found Xizeloiw's General Store.
  2374 | D:4      | Bought a scroll of enchant armour for 97 gold pieces
  2456 | D:4      | Reached XP level 5. HP: 47/47 MP: 5/5
  2457 | D:4      | Reached skill level 1 in Shields
  2661 | D:4      | Reached skill level 1 in Throwing
  2661 | D:4      | Reached XP level 6. HP: 53/53 MP: 6/6
  2668 | D:4      | Reached skill level 5 in Axes
  2985 | D:4      | Bought a scroll of identify for 26 gold pieces
  2987 | D:4      | Your scales start taking on a fiery red colour.
  2987 | D:4      | Reached XP level 7. HP: 60/60 MP: 7/7
  2987 | D:4      | Gained mutation: Your flesh is heat resistant. (rF+) [Red Draconian growth]
  3154 | D:4      | Reached skill level 5 in Fighting
  3420 | D:5      | Entered Level 5 of the Dungeon
  3420 | D:5      | Found a staircase to the Ecumenical Temple.
  3469 | D:5      | Found a radiant altar of Vehumet.
  3560 | D:5      | Noticed Chizzley's ghost (novice TrMo)
  3577 | D:5      | Reached skill level 6 in Axes
  3597 | D:5      | Mangled by Chizzley's ghost

Skill      XL: |  1  2  3  4  5  6  7 |
---------------+----------------------+-----
Fighting       | 4 5 |  5.1
Dodging        | 3 4 |  4.1
Axes           | 4 5 6 |  6.0
Shields        | 2 3 |  3.4
Throwing       | 1 |  1.3

Action                   |  1- 3 |  4- 6 |  7- 9 || total
-------------------------+-------+-------+-------++-------
Melee: Hand axe          |   131 |   114 |    74 ||   319
       Tailslap          |    14 |    16 |    14 ||    44
Throw: Javelin           |    12 |     7 |       ||    19
Invok: Trog's Hand       |       |     4 |     1 ||     5
       Berserk           |       |     3 |     2 ||     5
 Abil: Breathe Fire      |       |       |     1 ||     1
  Use: Scroll            |     1 |       |     9 ||    10
 Stab: Sleeping          |     1 |       |       ||     1
  Eat: Chunk             |     4 |     7 |     2 ||    13
       Fruit             |       |       |     1 ||     1
Armor: Skin              |    44 |    28 |     7 ||    79
Dodge: Dodged            |    89 |    63 |    36 ||   188
Block: Buckler           |     3 |    28 |    21 ||    52
